 Dungeon Crawl Stone Soup version 0.27-a0-65-gfb268537a3 (webtiles) character file.

Game seed: 13407725932035242760

247 Coron the Chopper (level 5, -2/46 HPs)
             Began as a Minotaur Berserker on Jan 9, 2021.
             Was a Believer of Trog.
             Slain by an orc priest
             ... wielding a +0 flail
              (3 damage)
             ... on level 4 of the Dungeon.
             The game lasted 00:05:11 (3562 turns).

Coron the Chopper (Minotaur Berserker)              Turns: 3562, Time: 00:05:12

Health: -2/46      AC:  7    Str: 23    XL:     5   Next: 85%
Magic:  4/4        EV: 11    Int:  4    God:    Trog [**....]
Gold:   185        SH:  3    Dex:  9    Spells: 4/4 levels left

rFire    . . .     SeeInvis .   a - +0 hand axe
rCold    . . .     Faith    .   g - +0 buckler
rNeg     . . .     Spirit   .   o - +0 ring mail
rPois    .         Reflect  .   (helmet restricted)
rElec    .         Harm     .   (no cloak)
rCorr    .         Rampage  .   u - +0 pair of gloves
Will     .....                  (no boots)
Stlth    ..........             (no amulet)
HPRegen  0.15/turn              (no ring)
MPRegen  0.09/turn              (no ring)

@: mighty
A: retaliatory headbutt, horns 2
a: Renounce Religion, Berserk, Trog's Hand


You were on level 4 of the Dungeon.
You worshipped Trog.
Trog was pleased with you.
You visited 1 branch of the dungeon, and saw 4 of its levels.

You collected 185 gold pieces.

Inventory:

Hand Weapons
 a - a +0 hand axe (weapon)
 t - a +0 hunting sling
Missiles
 c - 211 stones
Armour
 b - a +0 animal skin
 g - a +0 buckler (worn)
 n - a +0 tower shield
 o - a +0 ring mail (worn)
 r - a +0 scale mail
 u - a +0 pair of gloves (worn)
 w - a +0 chain mail
Wands
 v - a wand of flame (22)
Scrolls
 d - 2 scrolls of identify
 f - a scroll of immolation
 h - a scroll of teleportation
 i - a scroll of magic mapping {unknown}
 j - a scroll of remove curse
 k - a scroll of enchant weapon {unknown}
 s - a scroll of blinking {unknown}
Potions
 e - a potion of berserk rage {unknown}
 l - a potion of haste {unknown}
 m - 2 potions of might
 p - 2 potions of magic


   Skills:
 - Level 4.0 Fighting
 + Level 5.7 Axes
 + Level 4.8 Armour
 - Level 3.0 Dodging
 - Level 2.0 Shields


You had 4 spell levels left.
You didn't know any spells.
Your spell library was empty.

Dungeon Overview and Level Annotations

Branches:
Dungeon (4/15)
 Temple: D:4-7

Altars:
Gozag
Sif Muna
Vehumet
The Shining One


Innate Abilities, Weirdness & Mutations

You reflexively headbutt those who attack you in melee.
You have a pair of horns on your head.


Message History

Things that are here:
a +0 flail; 3 boomerangs; an orc corpse You hit the orc priest.
Your headbutt misses the orc priest.
The orc priest is lightly wounded.
The orc priest hits you with a +0 flail.
You barely miss the orc priest.
The orc priest is lightly wounded.
The orc priest hits you with a +0 flail.
* * * LOW HITPOINT WARNING * * *
You barely miss the orc priest. Your headbutt misses the orc priest.
The orc priest is lightly wounded.
You block the orc priest's attack.
You slash the orc priest! Your headbutt misses the orc priest.
The orc priest is heavily wounded.
The orc priest calls down the wrath of Beogh upon you.
Beogh smites you!
* * * LOW HITPOINT WARNING * * *
You feel very mighty all of a sudden.
The orc priest hits you with a +0 flail.
You die...

. ## .# # ... #
.. #.. # #.##.#
# #.##.# ####
#.##.# # ##[##
#.##.#####.#####
#.#.##
#.##...)@oh.....
)###.#
#.##..####r#####
..#.## #.....# #
##.## #.##.##
##.# #.##.#
#..######.##.#
..........##.#
#..####......#
#..# #.######


You could see a hound, an orc priest and a quokka.

Vanquished Creatures
  A howler monkey (D:4)
  An orc wizard (D:4)
  Ijyb (D:4)
  A worker ant (D:2)
  4 adders
  4 worms
  2 dart slugs
  A leopard gecko (D:2)
  8 orcs
  8 bats
  A giant cockroach (D:2)
  7 goblins
  4 hobgoblins
  9 jackals (D:1)
  11 kobolds
  A quokka (D:3)
  A ball python (D:1)
  3 frilled lizards
  8 rats
76 creatures vanquished.

Notes
Turn   | Place    | Note
-------+----------+-------------------------------------------
     0 | D:1      | Coron the Minotaur Berserker began the quest for the Orb.
     0 | D:1      | Reached XP level 1. HP: 19/19 MP: 0/0
   445 | D:1      | Reached XP level 2. HP: 27/27 MP: 1/1
   884 | D:1      | Reached skill level 4 in Axes
  1010 | D:1      | Reached XP level 3. HP: 32/33 MP: 2/2
  1208 | D:2      | Found a shimmering blue altar of Sif Muna.
  1208 | D:2      | Found a glowing golden altar of the Shining One.
  1209 | D:2      | Found a radiant altar of Vehumet.
  1425 | D:2      | Reached ** piety under Trog
  1426 | D:2      | Reached skill level 1 in Shields
  1426 | D:2      | Reached XP level 4. HP: 31/40 MP: 3/3
  2695 | D:3      | Found an opulent altar of Gozag.
  3040 | D:3      | Reached skill level 5 in Axes
  3040 | D:3      | Reached XP level 5. HP: 46/46 MP: 4/4
  3438 | D:4      | Noticed Ijyb
  3444 | D:4      | Killed Ijyb
  3561 | D:4      | HP: 1/46 [orc priest/divine providence (11)]
  3562 | D:4      | Slain by an orc priest

Illustrated notes

Levels and vault maps discovered:
D:1:      dpeg_arrival_renting, layout_basic, serial_park_tiny_pond
D:2:      layout_basic, chequers_temple_overflow_statue_of_worship
D:3:      layout_basic, nicolae_overflow_hidden_temple,
          ebering_dispersal_statue_hall
D:4:      layout_loops_ring, nicolae_qazlal_eye_of_the_storm, serial_shops,
          shop, uniq_ijyb, uniq_edmund

Skill      XL: |  1  2  3  4  5 |
---------------+----------------+-----
Fighting       | 4 |  4.0
Axes           | 4 5 |  5.7
Armour         | 3 4 |  4.8
Dodging        | 3 |  3.0
Shields        | 1 2 |  2.0

Action                   |  1- 3 |  4- 6 || total
-------------------------+-------+-------++-------
Melee: Hand axe          |    65 |   131 ||   196
       Headbutt          |    15 |    12 ||    27
Invok: Berserk           |     1 |     1 ||     2
  Use: Scroll            |     1 |     5 ||     6
       Potion            |       |     1 ||     1
 Stab: Distracted        |     1 |     1 ||     2
Armor: Animal skin       |    16 |     6 ||    22
       Ring mail         |       |    11 ||    11
Dodge: Dodged            |    48 |    59 ||   107
Block: Buckler           |     3 |    20 ||    23

Table legend: (Time is in decaauts)
 A = Elapsed time spent in this place.
 B = Non-inter-level travel time spent in this place.
 C = Inter-level travel time spent in this place.
 D = Time resting spent in this place.
 E = Time spent auto-exploring this place.
 F = Levels seen in this place.
 G = Mean time per level.
                   A        B        C        D        E       F      G
               +--------+--------+--------+--------+--------+-----+--------+
         Total |   3599 |   3508 |     91 |    587 |   2380 |   4 |  899.8 |
       Dungeon |   3599 |   3508 |     91 |    587 |   2380 |   4 |  899.8 |
               +--------+--------+--------+--------+--------+-----+--------+

Top non-repeatable levels by time:
     D:3: 1218 daAuts
     D:2: 1152 daAuts
     D:1: 1093 daAuts
     D:4: 134 daAuts
